 Dungeon Crawl Stone Soup version 0.32-a0-86-g8db1b9f803 (webtiles) character file.

Game seed: 6838890882548462449

254589 CougarLife the Brawler (level 19, -2/206 HPs)
             Began as a Troll Fighter on Feb 5, 2024.
             Was a Believer of Uskayaw.
             Succumbed to a green death's poison arrow
             ... on level 3 of the Abyss.
             The game lasted 01:47:09 (36679 turns).

CougarLife the Brawler (Troll Fighter)             Turns: 36679, Time: 01:47:10

Health: -2/206     AC: 21    Str: 33    XL:     19   Next: 2%
Magic:  27/27      EV:  8    Int:  6    God:    Uskayaw [**....]
Gold:   1619       SH: 23    Dex:  9    Spells: 18/18 levels left

rFire   + .          .
                       - Unarmed
rCold   + . .        l - +8 tower shield
rNeg    . . .        t - +1 acid dragon scales
rPois   .            I - +2 hat
rElec   .            q - scarf {rC+ rF+}
rCorr   +            (gloves unavailable)
SInv    .            (boots unavailable)
Will    +....        d - amulet of faith
Stlth   +            G - +4 ring of protection
HPRegen 0.00/turn    U - +4 ring of protection
MPRegen 0.20/turn

%: random rage (3%), faith
@: lethally poisoned (-2 -> -40), sick
A: large, unfitting armour, claws 3, regeneration 1, shaggy fur 1, tough skin 1,
[berserk 1], [screaming 1]
}: 2/15 runes: barnacled, gossamer
a: Renounce Religion, Stomp, Line Pass


You were on level 3 of the Abyss.
You worshipped Uskayaw.
Uskayaw was pleased with you.
You visited 7 branches of the dungeon, and saw 32 of its levels.
You visited the Abyss 1 time.
You also visited: Ossuary, Bailey and Ice Cave.

You collected 2811 gold pieces.
You spent 1192 gold pieces at shops.

Inventory:

Missiles
 b - 28 boomerangs (quivered)
 m - 9 silver javelins
 y - 10 throwing nets
 K - 29 poisoned darts
 L - 50 large rocks
 N - a curare-tipped dart
 T - 7 javelins
Armour
 l - a +8 tower shield (worn)
 q - a scarf of resistance (worn)
 t - +1 acid dragon scales (worn)
 I - a +2 hat (worn)
Jewellery
 d - an amulet of faith (around neck)
 A - a ring of fire
 F - a ring of flight
 G - a +4 ring of protection (left claw)
 H - a ring of protection from fire
 P - a ring of protection from cold
 S - a ring of see invisible
 U - a +4 ring of protection (right claw)
 W - an amulet of regeneration
 X - a ring of willpower
 Y - an amulet of guardian spirit
Wands
 f - a wand of acid (18)
 z - a wand of paralysis (49)
 C - a wand of flame (37)
 D - a wand of roots (36)
 Q - a wand of digging (40)
 R - a wand of mindburst (4)
Scrolls
 a - a scroll of immolation
 e - 2 scrolls of silence
 h - 6 scrolls of blinking
 n - 9 scrolls of noise
 o - 9 scrolls of vulnerability
 p - 4 scrolls of fog
 u - 3 scrolls of summoning
 v - 10 scrolls of teleportation
 E - 5 scrolls of fear
 J - 4 scrolls of poison
 M - 2 scrolls of torment
 V - a scroll of identify
Potions
 c - 2 potions of might
 i - 3 potions of mutation
 j - 5 potions of invisibility
 k - 6 potions of enlightenment
 r - 5 potions of attraction
 s - 3 potions of lignification
 w - a potion of magic
 x - 8 potions of curing
 B - 3 potions of ambrosia
 O - 6 potions of brilliance


   Skills:
 - Level 16.5 Fighting
 - Level 9.1 Throwing
 - Level 9.0 Armour
 - Level 3.0 Dodging
 - Level 10.1 Shields
 * Level 20.5 Unarmed Combat
 + Level 12.0 Invocations


You had 18 spell levels left.
You didn't know any spells.
Your spell library contained the following spells:

 Spells                   Type           Power      Damage    Failure   Level
 Kiss of Death            Conj/Necr      0%         2d5       83%         1
 Magic Dart               Conj           0%         1d3       83%         1
 Necrotise                Necr           0%         1d4       83%         1
 Slow                     Hex            0%         N/A       83%         1
 Blink                    Tloc           0%         N/A       92%         2
 Call Imp                 Summ           0%         N/A       92%         2
 Cigotuvi's Dreadful Rot  Necr/Alch/Air  0%         N/A       92%         2
 Ensorcelled Hibernation  Hex/Ice        0%         N/A       92%         2
 Lesser Beckoning         Tloc           0%         N/A       92%         2
 Momentum Strike          Conj/Tloc      0%         3d8       92%         2
 Sublimation of Blood     Necr           0%         N/A       92%         2
 Confusing Touch          Hex            0%         N/A       99%         3
 Dazzling Flash           Conj/Hex       0%         N/A       99%         3
 Frozen Ramparts          Ice            0%         1d1       99%         3
 Fugue of the Fallen      Necr           0%         N/A       99%         3
 Hailstorm                Conj/Ice       0%         3d5       99%         3
 Ozocubu's Armour         Ice            0%         N/A       99%         3
 Passwall                 Erth           0%         N/A       99%         3
 Sigil of Binding         Hex            0%         N/A       99%         3
 Summon Ice Beast         Ice/Summ       0%         N/A       99%         3
 Swiftness                Air            0%         N/A       99%         3
 Vampiric Draining        Necr           0%         2d6       99%         3
 Volatile Blastmotes      Fire/Tloc      0%         2d10      99%         3
 Animate Dead             Necr           0%         N/A       100%        4
 Dispel Undead            Necr           0%         3d6       100%        4
 Ignite Poison            Fire/Alch      0%         N/A       100%        4
 Leda's Liquefaction      Alch/Erth      0%         N/A       100%        4
 Manifold Assault         Tloc           0%         N/A       100%        4
 Martyr's Knell           Necr/Summ      0%         N/A       100%        4
 Petrify                  Alch/Erth      0%         N/A       100%        4
 Summon Blazeheart Golem  Fire/Summ      0%         N/A       100%        4
 Curse of Agony           Necr           0%         N/A       100%        5
 Freezing Cloud           Conj/Ice/Air   0%         6-21      100%        5
 Irradiate                Conj/Alch      0%         3d11      100%        5
 Metabolic Englaciation   Hex/Ice        0%         N/A       100%        5
 Sculpt Simulacrum        Ice/Alch       0%         N/A       100%        6
 Starburst                Conj/Fire      0%         6d3       100%        6
 Orb of Destruction       Conj           0%         9d5       100%        7
 Spellforged Servitor     Conj/Summ      0%         N/A       100%        7
 Summon Hydra             Summ           0%         N/A       100%        7
 Maxwell's Capacitive Co  Air            0%         ∞         100%        8
 Death's Door             Necr           0%         N/A       100%        9


Dungeon Overview and Level Annotations

Branches:
Dungeon (15/15)            Temple (1/1) D:5            Lair (5/5) D:8
 Shoals (4/4) Lair:3       Spider (4/4) Lair:3        Slime (0/5) Lair:4
    Orc (2/2) D:9             Elf (1/3) Orc:2        Vaults (0/5) D:14
 Depths (0/4) D:15        Ossuary (visited)          Bailey (visited)
  IceCv (visited)

Altars:
Cheibriados
Dithmenos
Elyvilon
Fedhas
Hepliaklqana
Kikubaaqudgha
Makhleb
Nemelex Xobeh
Okawaru
Qazlal
Ru
Sif Muna
Trog
Uskayaw
Vehumet
Wu Jian
Xom
Yredelemnul
Zin
The Shining One
Jiyva

Shops:
D:1 :   D:5 (   Orc:2 =*?:   Elf:1 !   Shoals:1 (:

Portals:
Hell: Lair:5
Trove: D:10 (give +4 demon blade)

Annotations:
D:12 3 runed translucent doors
D:13 3 runed translucent doors, Ceno's ghost, journeyman GnDe
D:15 2 runed translucent doors, exclusion: orange crystal statue
Spider:1 Roxanne


Innate Abilities, Weirdness & Mutations

You are too large for most types of armour.
You have claws for hands.
Your natural rate of healing is unusually fast.
You are covered in fur. (AC +1)
You have tough skin. (AC +1)
[You sometimes lose your temper in combat.]
[You occasionally shout uncontrollably at your foes.]


Message History

You are poisoned.
You hear an angry buzzing noise. x2
You feel very sick.
You hear an angry buzzing noise. x2
The green death gestures at you. The bolt of poison hits you!!!
You are more poisoned.
You feel extremely sick.
A vampire mosquito comes into view.
You mangle the green death!!
The green death is moderately wounded.
You feel very sick.
You hear an angry buzzing noise.
The green death gestures at you. The poison arrow hits you!
You are lethally poisoned!
* * * LOW HITPOINT WARNING * * *
You hear an angry buzzing noise.
You claw the green death!
The green death is heavily wounded.
* * * LOW HITPOINT WARNING * * *
You feel extremely sick.
You can now pass through a line of other dancers.
You scratch the green death but do no damage.
The green death is heavily wounded.
* * * LOW HITPOINT WARNING * * *
You feel extremely sick.
The green death hits you but does no damage.
A hornet comes into view.
You eviscerate the green death!!!
You kill the green death!
* * * LOW HITPOINT WARNING * * *
You feel very sick.
A vampire mosquito comes into view.
You feel the corruption within you wane somewhat.
Your urge to scream lessens.
You mangle the vampire mosquito!!
The vampire mosquito is severely damaged.
You die...
Your body falls in perfect tune with the rhythm.

#..... .. #..... #.
##.. ..... .#.......
.... .. ... #......
... . ....#.....# ..#
.......#.....##..##..
.#.....#.............
.......+.....@y......
. ....#..........y..
#......##..##y. #
..#.....# ###
###.#....## #.#....#
#.#..### ##... #...#


You could see a hornet and 2 vampire mosquitoes.

Vanquished Creatures
  Frances (Elf:1)
  An acid blob (Spider:1)
  A tentacled starspawn (Abyss:3)
  A storm dragon (D:14)
  A tengu reaver (D:13)
  2 frost giants
  Ilsuiw (Shoals:3)
  Louise (Spider:3)
  A deep elf sorcerer (Elf:1)
  10 emperor scorpions
  6 ghost moths
  2 orc warlords (Orc:1)
  3 broodmothers
  A stone giant (D:15)
  The ghost of Tacw the Black Belt, a journeyman MeSh of Nemelex Xobeh (Lair:3)
  The ghost of Agan the Black Belt, a journeyman MeSh (Lair:4)
  4 spark wasps
  3 deep elf death magi (Elf:1)
  The ghost of Foishes the Slicer, a journeyman OpEn of Vehumet (Lair:3)
  8 merfolk javelineers
  12 merfolk impalers
  A green death (Abyss:3)
  6 entropy weavers
  5 hydras
  Erolcha (Orc:1)
  A vault guard (D:10)
  A rakshasa (D:15)
  2 catoblepae
  4 jorogumos
  3 ogre magi
  2 radroaches (Spider:3)
  4 merfolk avatars (Shoals:4)
  3 centaur warriors
  Erica (Lair:1)
  A death scarab (Spider:3)
  2 satyrs
  6 merfolk aquamancers
  14 two-headed ogres
  6 boulder beetles
  6 death yaks
  5 tengu warriors
  8 demonic crawlers
  An occultist (Lair:5)
  A sun demon (Lair:5)
  A wretched star (Abyss:2)
  5 skysharks
  3 deep elf knights (Elf:1)
  6 pharaoh ants
  7 sea snakes
  13 orb spiders
  2 deep trolls (Orc:2)
  2 sun moths
  3 deep elf archers (Elf:1)
  4 deep elf zephyrmancers (Elf:1)
  5 necromancers
  7 steelbarb worms
  A lindwurm (Lair:4)
  3 ugly things
  25 harpies
  6 deep elf pyromancers
  21 wolf spiders
  An oklob plant (Spider:1)
  6 fauns
  9 cyclopes
  13 manticores
  13 elephants
  A large abomination (Elf:1)
  4 moths of wrath
  12 merfolk sirens
  6 meliai
  Joseph (D:10)
  6 black mambas
  6 torpor snails
  A kobold blastminer (Orc:1)
  An ice statue (IceCv)
  8 water nymphs
  A gargoyle (D:13)
  An orange demon (Lair:5)
  14 cane toads
  A kobold demonologist (D:9)
  An unseen horror (D:11)
  9 rime drakes
  13 komodo dragons
  An efreet (D:15)
  3 ice devils (Lair:5)
  A hellwing (Lair:5)
  An ancient zyme (Abyss:3)
  A red devil (Lair:5)
  11 trolls
  31 merfolk
  16 polar bears
  9 wind drakes
  Grinder (D:6)
  3 hornets
  24 tarantellas
  8 dream sheep
  11 blink frogs
  7 snapping turtles
  10 slime creatures
  12 culicivoras
  34 jumping spiders
  8 water elementals
  A small abomination (Abyss:3)
  72 yaks
  A centaur simulacrum (D:13)
  A wyvern (D:8)
  2 shadows (D:11)
  A yak (shapeshifter) (D:15)
  4 wraiths
  A human (shapeshifter) (D:15)
  2 wargs (Orc:1)
  Eustachio (D:6)
  An unseen horror simulacrum (D:10)
  10 basilisks
  65 redbacks
  3 steam dragons
  A spectral cane toad (Lair:4)
  9 vampire mosquitoes
  4 death yak simulacra (Lair:4)
  Edmund (D:6)
  8 acid dragons (Spider:1)
  22 water moccasins
  4 hell hounds (Lair:5)
  A hydra simulacrum (Lair:4)
  4 black bears
  25 orc warriors
  2 laughing skulls (D:15)
  3 ice beasts
  A black mamba simulacrum (Lair:4)
  24 wolves
  4 centaurs
  24 ogres
  A phantom (D:4)
  A kobold brigand (D:8)
  Blork the orc (D:4)
  8 elf zombies (Elf:1)
  A brain worm (Abyss:2)
  11 bullfrogs
  A gnoll sergeant (D:11)
  2 scorpions
  3 wights (D:9)
  3 killer bees (D:9)
  11 electric eels
  2 howler monkeys
  2 bombardier beetles
  2 lava snakes (D:15)
  Crazy Yiuf (D:5)
  6 jellies
  3 bullfrog zombies (Ossuary)
  3 hounds
  A gnoll bouda (D:7)
  11 orc priests
  9 mummies (Ossuary)
  5 iguanas
  19 orc wizards
  A killer bee zombie (Ossuary)
  3 crocodile zombies (Ossuary)
  A hound zombie (Ossuary)
  3 howler monkey zombies (Ossuary)
  13 gnolls
  4 adders
  7 white imps
  A dart slug (D:1)
  6 ribbon worms
  43 orcs
  9 endoplasms
  5 giant cockroaches
  9 goblins
  12 hobgoblins
  5 quokkas
  2 ball pythons (D:1)
  2 ball python zombies (Ossuary)
  3 bats
  3 frilled lizards
  25 kobolds
  7 rats
1153 creatures vanquished.

Vanquished Creatures (others)
  A deep elf zephyrmancer (Elf:1)
  A manticore (Shoals:4)
  A jumping spider (Spider:1)
  A redback (Spider:2)
  An orc wizard (Orc:1)
  An ufetubus (D:10)
  2 starspawn tentacles (Abyss:3)
8 creatures vanquished.

Grand Total: 1161 creatures vanquished

Notes
Turn   | Place    | Note
-------+----------+-------------------------------------------
     0 | D:1      | CougarLife the Troll Fighter began the quest for the Orb.
     0 | D:1      | Reached XP level 1. HP: 22/22 MP: 0/0
   107 | D:1      | Reached XP level 2. HP: 28/29 MP: 1/1
   322 | D:1      | Reached XP level 3. HP: 36/36 MP: 2/2
   375 | D:1      | Reached skill level 3 in Unarmed Combat
   418 | D:1      | Found Zucvypak's Book Shoppe.
  1657 | D:3      | Found a blossoming altar of Fedhas.
  1701 | D:3      | Reached XP level 4. HP: 40/44 MP: 3/3
  1753 | D:3      | Found a shimmering altar of Xom.
  1760 | D:3      | Reached skill level 4 in Unarmed Combat
  1813 | D:3      | You fall into a shaft and drop 1 floor!
  1824 | D:4      | Noticed a moth of wrath
  1906 | D:4      | Reached XP level 5. HP: 36/50 MP: 4/4
  1930 | D:4      | Reached skill level 5 in Unarmed Combat
  1975 | D:4      | Noticed Blork the orc
  1986 | D:4      | Killed Blork the orc
  2012 | D:4      | Found a snail-covered altar of Cheibriados.
  2116 | D:4      | Found a sand-covered staircase.
  2125 | Ossuary  | Entered an ossuary
  2141 | Ossuary  | Reached skill level 6 in Unarmed Combat
  2141 | Ossuary  | Reached XP level 6. HP: 38/59 MP: 5/5
  2313 | Ossuary  | Reached skill level 7 in Unarmed Combat
  2370 | Ossuary  | Reached XP level 7. HP: 57/66 MP: 6/6
  2447 | Ossuary  | Reached skill level 8 in Unarmed Combat
  2710 | D:4      | Found a bloodstained altar of Trog.
  2788 | D:5      | Entered Level 5 of the Dungeon
  2895 | D:5      | Found Acwesotu's Weapon Boutique.
  2915 | D:5      | Noticed a yak
  3058 | D:5      | Reached skill level 9 in Unarmed Combat
  3076 | D:5      | Found a staircase to the Ecumenical Temple.
  3094 | Temple   | Entered the Ecumenical Temple
  3162 | D:5      | Reached XP level 8. HP: 65/75 MP: 7/7
  3224 | D:5      | Found a runed translucent door.
  3225 | D:5      | Noticed Crazy Yiuf
  3231 | D:5      | Killed Crazy Yiuf
  3417 | D:5      | Reached skill level 5 in Fighting
  3434 | D:5      | Reached XP level 9. HP: 53/92 MP: 8/8
  3648 | D:6      | Noticed Edmund
  3654 | D:6      | Killed Edmund
  3682 | D:6      | Found a shadowy altar of Dithmenos.
  3817 | D:6      | Noticed Grinder
  3823 | D:6      | Killed Grinder
  4041 | D:6      | Found a radiant altar of Vehumet.
  4260 | D:6      | Noticed Eustachio
  4268 | D:6      | Killed Eustachio
  4364 | D:7      | Found a stormy altar of Qazlal.
  4602 | D:7      | Reached skill level 5 in Shields
  4814 | D:8      | Reached XP level 10. HP: 97/104 MP: 9/9
  4988 | D:8      | Reached skill level 10 in Unarmed Combat
  5038 | D:8      | Found a staircase to the Lair.
  5200 | D:5      | Bought 5 large rocks for 97 gold pieces
  5486 | D:8      | Found a hide-covered altar of Uskayaw.
  5508 | D:8      | Became a worshipper of Uskayaw the Reveller
  5598 | D:8      | Reached * piety under Uskayaw
  5761 | D:8      | Reached ** piety under Uskayaw
  6000 | D:9      | Identified the +9 mace "Lyanlacs" {flame, ^Fragile rPois
                  | Dex-5 Stlth+}
  6182 | D:9      | Found a staircase to the Orcish Mines.
  6190 | D:9      | Reached *** piety under Uskayaw
  6198 | D:9      | Reached **** piety under Uskayaw
  6219 | D:9      | Found a flagged portal.
  6228 | Bailey   | Entered a bailey
  6360 | Bailey   | Identified the +4 sling of the Sun {drain, Dex+3 Stlth+}
  6463 | Bailey   | Reached ***** piety under Uskayaw
  7009 | D:9      | Noticed a soul eater
  7017 | D:9      | Noticed a sixfirhy
  7166 | D:10     | Entered Level 10 of the Dungeon
  7345 | D:10     | Reached skill level 11 in Unarmed Combat
  7420 | D:10     | Reached XP level 11. HP: 108/111 MP: 10/10
  7635 | D:10     | Noticed Joseph
  7648 | D:10     | Killed Joseph
  7826 | D:10     | Noticed a vault guard
  7831 | D:10     | Killed a vault guard
  7835 | D:10     | Found a portal to a secret trove of treasure.
  8136 | D:11     | Reached skill level 10 in Shields
  9014 | Lair:1   | Entered Level 1 of the Lair of Beasts
  9147 | Lair:1   | Reached skill level 1 in Armour
  9177 | Lair:1   | Reached skill level 12 in Unarmed Combat
  9251 | Lair:1   | Noticed Erica
  9270 | Lair:1   | Killed Erica
  9388 | Lair:1   | Found the +5 Force Lance {heavy, knockback}
  9874 | Lair:2   | Reached XP level 12. HP: 120/120 MP: 11/11
  9917 | Lair:2   | Reached skill level 5 in Armour
 10020 | Lair:2   | Identified the +10 short sword of a Thousand Knives {drain,
                  | rPois Str+2}
 10274 | Lair:2   | Reached skill level 13 in Unarmed Combat
 10962 | Lair:3   | Found a hole to the Spider Nest.
 11143 | Lair:3   | Found a staircase to the Shoals.
 11327 | Lair:3   | Found a runed translucent gate.
 11327 | Lair:3   | Found a runed translucent gate.
 11327 | Lair:3   | Found a runed translucent gate.
 11331 | Lair:3   | Noticed Tacw's ghost (journeyman MeSh)
 11331 | Lair:3   | Noticed Foishes's ghost (journeyman OpEn)
 11391 | Lair:3   | Noticed a death yak
 11395 | Lair:3   | Noticed a death yak
 11409 | Lair:3   | Killed a death yak
 11420 | Lair:3   | Killed a death yak
 11755 | Lair:3   | Killed Tacw's ghost
 11759 | Lair:3   | Killed Foishes's ghost
 12056 | Lair:4   | Reached XP level 13. HP: 105/127 MP: 12/12
 12167 | Lair:4   | Reached skill level 14 in Unarmed Combat
 12177 | Lair:4   | Found a viscous altar of Jiyva.
 12177 | Lair:4   | Found a staircase to the Slime Pits.
 12345 | Lair:4   | Reached skill level 1 in Invocations
 12465 | Lair:4   | Found a runed translucent gate.
 12465 | Lair:4   | Found a runed translucent gate.
 12465 | Lair:4   | Found a runed translucent gate.
 12468 | Lair:4   | Noticed Agan's ghost (journeyman MeSh)
 12644 | Lair:4   | Killed Agan's ghost
 12662 | Lair:4   | Identified the +7 giant club of the Shrinking Genius
                  | {spect, rF- Int+8}
 12780 | Lair:5   | Entered Level 5 of the Lair of Beasts
 12933 | Lair:5   | Reached skill level 5 in Invocations
 13087 | Lair:5   | Reached ****** piety under Uskayaw
 13209 | Lair:5   | Reached skill level 1 in Throwing
 13332 | Lair:5   | Reached skill level 15 in Unarmed Combat
 13474 | Lair:5   | Reached XP level 14. HP: 97/136 MP: 17/17
 13706 | Lair:5   | Reached skill level 5 in Throwing
 14008 | Lair:5   | Found a burning altar of Makhleb.
 14063 | Lair:5   | Found a gateway to Hell.
 14076 | Lair:5   | Identified the +5 war axe "Onoulor" {elec, Fly rN+ MP+9
                  | Dex-5}
 15144 | D:12     | Found a frozen archway.
 15153 | IceCv    | Entered an ice cave
 15439 | IceCv    | Reached skill level 16 in Unarmed Combat
 15581 | IceCv    | Noticed a frost giant
 15604 | IceCv    | Killed a frost giant
 15765 | D:12     | Found a runed translucent door.
 15765 | D:12     | Found a runed translucent door.
 15780 | D:12     | Found a runed translucent door.
 16518 | Orc:1    | Entered Level 1 of the Orcish Mines
 16652 | Orc:1    | Noticed an orc warlord
 16664 | Orc:1    | Killed an orc warlord
 16886 | Orc:2    | Entered Level 2 of the Orcish Mines
 16932 | Orc:2    | Noticed an orc warlord
 17176 | Orc:1    | Killed an orc warlord
 17229 | Orc:1    | Reached XP level 15. HP: 53/145 MP: 18/18
 17516 | Orc:2    | Reached skill level 17 in Unarmed Combat
 17530 | Orc:2    | Paralysed by something for 4 turns
 17771 | Orc:2    | Found a staircase to the Elven Halls.
 17845 | Orc:2    | Found Layqofu's Magic Scroll Shoppe.
 17845 | Orc:2    | Found Keveqos's Jewellery Shop.
 17847 | Orc:2    | Found Weguretz's Book Shop.
 17851 | Orc:2    | Found Qoyttikh's Assorted Antiques.
 17854 | Orc:2    | Bought a scroll of enchant armour for 120 gold pieces
 17854 | Orc:2    | Bought a scroll of teleportation for 48 gold pieces
 17870 | Orc:2    | Bought a fine golden ring for 135 gold pieces
 17870 | Orc:2    | Identified the ring of Ofeshic {*Corrode Fly rElec rN+
                  | SInv} (You bought it in a shop on level 2 of the Orcish
                  | Mines)
 17887 | Orc:2    | Bought an amulet of faith for 720 gold pieces
 18124 | Orc:1    | Noticed Erolcha
 18137 | Orc:1    | Killed Erolcha
 18338 | D:13     | Found a runed translucent gate.
 18338 | D:13     | Found a runed translucent gate.
 18339 | D:13     | Found a runed translucent gate.
 18340 | D:13     | Found an ancient bone altar of Kikubaaqudgha.
 18340 | D:13     | Noticed a lich
 18341 | D:13     | Noticed a lich
 18341 | D:13     | Noticed Ceno's ghost (journeyman GnDe)
 18341 | D:13     | Noticed a lich
 18341 | D:13     | Noticed a lich
 18412 | D:13     | Noticed a tengu reaver
 18412 | D:13     | Noticed a frost giant
 18447 | D:13     | Killed a frost giant
 19153 | D:13     | Killed a tengu reaver
 19303 | D:14     | Reached skill level 18 in Unarmed Combat
 19458 | D:14     | Found a gate to the Vaults.
 19732 | D:14     | Noticed a storm dragon
 19733 | D:14     | Reached skill level 10 in Fighting
 19745 | D:14     | Killed a storm dragon
 19810 | D:14     | Identified the +8 halberd of the Bouncing Beds {flame,
                  | Will+ Str+8 Dex-4}
 20027 | D:15     | Entered Level 15 of the Dungeon
 20075 | D:15     | Found a staircase to the Depths.
 20394 | D:15     | Found a runed translucent door.
 20396 | D:15     | Found the +10 tower shield of Ignorance {rN+ Int-4}
 20483 | D:15     | Found a runed translucent door.
 21421 | Spider:1 | Entered Level 1 of the Spider Nest
 22041 | Spider:1 | Reached XP level 16. HP: 159/159 MP: 19/19
 22290 | Spider:1 | Reached skill level 19 in Unarmed Combat
 22739 | Spider:1 | Noticed an acid blob
 22756 | Spider:1 | Killed an acid blob
 23640 | Spider:1 | Noticed Roxanne
 24689 | Spider:2 | Reached skill level 20 in Unarmed Combat
 26791 | Spider:3 | Noticed Louise
 26822 | Spider:3 | Paralysed by a jorogumo for 2 turns
 26827 | Spider:3 | Reached XP level 17. HP: 49/172 MP: 21/21
 26842 | Spider:3 | Killed Louise
 27242 | Spider:4 | Entered Level 4 of the Spider Nest
 30552 | Spider:4 | Got a gossamer rune of Zot
 30559 | Spider:4 | Identified the +0 hat of Shadows and Fog {rElec rPois
                  | Dex-5}
 30799 | Shoals:1 | Entered Level 1 of the Shoals
 31110 | Shoals:1 | Found Mounatid's Weapon Shop.
 31437 | Shoals:1 | Found Pyacloxkas's Book Emporium.
 31920 | Shoals:2 | Reached skill level 10 in Invocations
 32117 | Shoals:2 | Reached XP level 18. HP: 180/192 MP: 24/24
 32386 | Shoals:2 | Reached skill level 15 in Fighting
 33473 | Shoals:3 | Noticed Ilsuiw
 33491 | Shoals:3 | Killed Ilsuiw
 33788 | Shoals:4 | Entered Level 4 of the Shoals
 34691 | Shoals:4 | Got a barnacled rune of Zot
 35920 | Elf:1    | Entered Level 1 of the Elven Halls
 35958 | Elf:1    | Found Anumejum's Distillery.
 36088 | Elf:1    | Bought a potion of might for 72 gold pieces
 36226 | Elf:1    | Got the Dissertation on Malevolent Acts
 36281 | Elf:1    | Noticed Frances
 36306 | Elf:1    | Killed Frances
 36540 | Abyss:2  | Found a shimmering blue altar of Sif Muna.
 36540 | Abyss:2  | Cast into level 2 of the Abyss (a deep elf sorcerer)
 36570 | Abyss:2  | Found a corrupted altar of Lugonu.
 36642 | Abyss:3  | Reached XP level 19. HP: 164/206 MP: 27/27
 36655 | Abyss:3  | Noticed a hellephant
 36678 | Abyss:3  | HP: 5/206 [poisoned by a green death (poison arrow)]
 36679 | Abyss:3  | Succumbed to a green death's poison arrow

Illustrated notes

Levels and vault maps discovered:
D:1:      dpeg_arrival_arbitrary_c, layout_basic, serial_shops,
          nicolae_shop_just_a_little_nook, minmay_close_crescents
D:2:      layout_basic, roderic_roman_lattice, dreamdust_princess_bridge
D:3:      layout_rooms, cheibrodos_ashenzari_chains,
          mainiacjoe_overflow_tiny_flanked, mainiacjoe_overflow_chevrons,
          amcnicky_altar_gilded
D:4:      layout_rooms, tgw_trog, slow_altar_1,
          mainiacjoe_ossuary_entry_dusty_tomb, minmay_misc_feat_enclosed,
          uniq_blork_the_orc
D:5:      layout_rooms, temple_pool_b, serial_shops, nicolae_shop_tiny_glass,
          corner_web_ring, lemuel_flamethrower_2, uniq_crazy_yiuf_cottage
D:6:      layout_loops_ring, vehumet_altar_wand_db,
          mainiacjoe_overflow_alcove_2, uniq_grinder, uniq_edmund,
          uniq_eustachio
D:7:      layout_rooms, mainiacjoe_overflow_catwalk, serial_glass,
          glass_columns_a, glass_columns_a
D:8:      layout_basic, nicolae_uskayaw_dance_studio, minmay_lair_entry_grove,
          serial_curves, eino_curves_02, eino_curves_03, eino_curves_01,
          kennysheep_nub
D:9:      layout_irregular_city, nicolae_overflow_hidden_temple, david_orc_2,
          enter_bailey_6, minivault_4
D:10:     layout_basic, enter_trove_5, serial_ice, serial_ice_f, serial_ice_m,
          serial_ice_l, serial_ice_d, uniq_joseph
D:11:     layout_loops_ring, minmay_stone_trees_small
D:12:     layout_loops_corners, portal_ice_cave_entry_pillars_1, mikee_hates_you
D:13:     layout_rooms, gammafunk_ghost_crypt, wad_scary_box
D:14:     nzn_winding_woodlands_small [nzn_winding_woodlands_5x15_split_checker,
          nzn_winding_woodlands_center_diamonds,
          nzn_winding_woodlands_5x15_default], layout_rooms, david_vaults_1,
          serial_bayou_shore_a, small_statue_intersection
D:15:     grunt_enter_depths_giant_problem, layout_basic,
          minmay_misc_feat_four_crosses, chequers_guarded_unrand_ignorance
Temple:   chequers_temple_sunken
Lair:1:   layout_misc_corridors, uniq_erica
Lair:2:   layout_long_grid, hibernation_bobbens
Lair:3:   layout_gridlike, elwin_shoals_entry_rooms,
          hellmonk_spider_entry_life_and_decay, gammafunk_ghost_cemetery,
          st_stairs_3, hangedman_lair_generics_rect
Lair:4:   beast_lair_carwin_large_2, layout_layer_cave,
          dpeg_slime_entry_enclosed, gammafunk_ghost_necromancy
Lair:5:   evil_forest, layout_long_grid, grunt_megastairs_2
Shoals:1: nicolae_shoals_aurelia_aurita, layout_shoals, serial_shops, shop, shop
Shoals:2: layout_shoals
Shoals:3: layout_shoals, nicolae_shoals_so_close, uniq_ilsuiw
Shoals:4: shoals_end_simple, layout_shoals, shoals_ilsuiw_ice
Spider:1: layout_chambers, nicolae_spider_acid_house, uniq_roxanne
Spider:2: layout_spider_delve, drop_trap, nicolae_spider_bzzzt
Spider:3: nicolae_spider_hall_of_the_moth_king, uniq_louise
Spider:4: grunt_spider_rune_circles
Orc:1:    layout_caves, serial_shops, uniq_erolcha
Orc:2:    st_orc_open, layout_caves
Elf:1:    layout_geoelf_grid, serial_shops, shop, minmay_elf_necromancy,
          fountainhead, grunt_megastairs_5, uniq_frances
Abyss:3:  base: Vaults:3, spicy_abyss_planar_alliance,
          hangedman_elemental_corridor, nicolae_abyss_rune_star_stuff,
          patterned_corridor, hangedman_abyss_monster_moat,
          nicolae_abyss_rune_star_stuff

Skill      XL: |  1  2  3  4  5  6  7  8  9 10 11 12 13 14 15 16 17 18 |
---------------+-------------------------------------------------------+-----
Dodging        | 3 |  3.0
Unarmed Combat | 3 4 6 7 9 11 12 13 15 16 18 20 | 20.5
Fighting       | 3 6 8 10 12 14 16 | 16.5
Shields        | 5 8 10 | 10.1
Armour         | 4 8 9 |  9.0
Invocations    | 6 7 10 12 | 12.0
Throwing       | 4 9 |  9.1

Action                     |  1- 3 |  4- 6 |  7- 9 | 10-12 | 13-15 | 16-18 | 19-21 || total
---------------------------+-------+-------+-------+-------+-------+-------+-------++-------
  Melee: Unarmed           |   134 |   102 |   246 |   647 |  1014 |  1463 |    10 ||  3616
  Throw: Dart              |       |       |       |     1 |     6 |     2 |       ||     9
         Large rock        |       |       |       |       |    15 |    23 |       ||    38
         Boomerang         |       |       |       |       |    35 |   252 |       ||   287
         Javelin           |       |       |       |       |     5 |     5 |       ||    10
  Evoke: Wand              |       |       |     5 |       |     2 |       |       ||     7
    Use: Scroll            |       |       |    10 |    10 |    12 |     7 |     1 ||    40
         Potion            |       |       |       |       |     9 |    10 |       ||    19
   Stab: Sleeping          |     1 |       |       |       |       |       |       ||     1
         Paralysed         |       |       |     7 |    27 |    85 |   124 |       ||   243
         Petrified         |       |       |       |       |     2 |       |       ||     2
 Armour: Robe              |    48 |    41 |   157 |       |       |       |       ||   246
         Steam dragon scal |       |       |    22 |   375 |   692 |    41 |       ||  1130
         Acid dragon scale |       |       |       |       |       |  1219 |    10 ||  1229
  Dodge: Dodged            |    34 |    28 |    79 |   124 |   186 |   346 |     1 ||   798
  Block: Kite shield       |    49 |    24 |   106 |    29 |       |       |       ||   208
         Tower shield      |       |       |       |   532 |  1227 |  2011 |    12 ||  3782

Table legend: (Time is in decaauts)
 A = Elapsed time spent in this place.
 B = Non-inter-level travel time spent in this place.
 C = Inter-level travel time spent in this place.
 D = Time resting spent in this place.
 E = Time spent auto-exploring this place.
 F = Levels seen in this place.
 G = Mean time per level.
                   A        B        C        D        E       F      G
               +--------+--------+--------+--------+--------+-----+--------+
         Total |  36261 |  33158 |   3103 |   7939 |  12438 |  37 |  980.0 |
       Dungeon |  13108 |  11249 |   1859 |   1066 |   6390 |  15 |  873.9 |
        Temple |      1 |      1 |      0 |      0 |      0 |   1 |    1.0 |
          Lair |   5970 |   5355 |    615 |    699 |   2978 |   5 | 1194.0 |
        Shoals |   4808 |   4592 |    216 |   1201 |   1271 |   4 | 1202.0 |
   Spider Nest |   8617 |   8372 |    245 |   3974 |   1420 |   4 | 2154.2 |
  Orcish Mines |   1649 |   1485 |    164 |    509 |    324 |   2 |  824.5 |
   Elven Halls |    574 |    574 |      0 |    215 |     37 |   1 |  574.0 |
         Abyss |    146 |    146 |      0 |     21 |      0 |   2 |   73.0 |
       Ossuary |    433 |    433 |      0 |    107 |     18 |   1 |  433.0 |
        Bailey |    418 |    418 |      0 |    104 |      0 |   1 |  418.0 |
      Ice Cave |    533 |    533 |      0 |     42 |      0 |   1 |  533.0 |
               +--------+--------+--------+--------+--------+-----+--------+

Top non-repeatable levels by time:
Spider:1: 2508 daAuts
Spider:3: 2368 daAuts
Spider:4: 2275 daAuts
  Lair:5: 1797 daAuts
Shoals:4: 1584 daAuts
Spider:2: 1465 daAuts
     D:8: 1461 daAuts
  Lair:3: 1285 daAuts
    D:15: 1165 daAuts
    D:12: 1132 daAuts
Shoals:1: 1116 daAuts
     D:9: 1108 daAuts
    D:10: 1067 daAuts
Shoals:3: 1063 daAuts
  Lair:2: 1062 daAuts
